 Dungeon Crawl Stone Soup version 0.30-a0-965-g42e074c17a (webtiles) character file.

Game seed: 3095313963702000253

4558 Farfigtubin the Cleaver (level 10, -14/92 HPs)
             Began as a Hill Orc Fighter on Mar 27, 2023.
             Demolished by a shadow (31 damage)
             ... on level 8 of the Dungeon on Mar 31, 2023.
             The game lasted 00:58:56 (7008 turns).

Farfigtubin the Cleaver (Hill Orc Fighter)          Turns: 7008, Time: 00:58:57

Health: -14/92     AC: 18    Str: 26    XL:     10   Next: 40%
Magic:  10/10      EV:  8    Int: 11    God:
Gold:   427        SH:  5    Dex: 10    Spells: 9/9 levels left

rFire   . . .      SeeInvis .    A - +0 hand axe of Waukong {elec, rElec Str+2 Int+3}
rCold   + . .      Faith    .    c - +0 buckler
rNeg    . . .      Spirit   .    B - +0 chain mail
rPois   .          Reflect  .    (no helmet)
rElec   +          Rampage  .    I - +0 cloak
rCorr   .                        C - +0 pair of gloves
Will    .....                    E - +0 pair of boots Stlth
                                 (no amulet)
HPRegen 0.35/turn                r - +4 ring of protection
MPRegen 0.12/turn                j - ring of protection from cold

@: no status effects
A: no striking features
a: no special abilities


You were on level 8 of the Dungeon.
You visited 1 branch of the dungeon, and saw 8 of its levels.

You collected 547 gold pieces.
You spent 120 gold pieces at shops.

Inventory:

Hand Weapons
 A - the +0 hand axe of Waukong (weapon) {elec, rElec Str+2 Int+3}
   (You bought it in a shop on level 1 of the Dungeon)

   Str:       It affects your strength (+2).
   Int:       It affects your intelligence (+3).
   rElec:     It insulates you from electricity.
Missiles
 g - 34 stones
 i - 17 poisoned darts (quivered)
 q - 5 atropa-tipped darts
 t - 4 throwing nets
 v - 4 javelins
 y - 5 boomerangs
Armour
 c - a +0 buckler (worn)
 B - a +0 chain mail (worn)
 C - a +0 pair of gloves (worn)
 E - a +0 pair of boots (worn)
 I - a +0 cloak (worn)
 J - a +0 plate armour
Magical Staves
 u - a staff of fire
Jewellery
 j - a ring of protection from cold (right hand)
 r - a +4 ring of protection (left hand)
 x - a ring of positive energy
Wands
 K - a wand of polymorph (8)
 L - a wand of digging (5)
Scrolls
 d - 3 scrolls of magic mapping {unknown}
 e - 2 scrolls of fear
 h - 4 scrolls of identify
 l - a scroll of amnesia {unknown}
 m - 2 scrolls of vulnerability {unknown}
 n - 4 scrolls of enchant armour {unknown}
 o - 4 scrolls of teleportation {unknown}
 s - a scroll of torment {unknown}
 w - a scroll of enchant weapon {unknown}
 G - a scroll of immolation {unknown}
 M - a scroll of blinking {unknown}
 N - a scroll of noise {unknown}
Potions
 a - 2 potions of haste
 b - a potion of berserk rage
 f - a potion of attraction {unknown}
 k - 5 potions of flight
 p - a potion of degeneration {unknown}
 z - 2 potions of brilliance {unknown}
 D - 3 potions of heal wounds
 F - 2 potions of lignification {unknown}
 H - 3 potions of curing


   Skills:
 + Level 9.6 Fighting
 * Level 13.8 Axes
 + Level 6.7 Armour
 - Level 6.0 Shields
 - Level 2.4 Fire Magic


You had 9 spell levels left.
You didn't know any spells.
Your spell library contained the following spells:

 Spells                   Type           Power      Damage    Failure   Level
 Foxfire                  Conj/Fire      8%         2x1d2     83%         1
 Shock                    Conj/Air       0%         1d3       94%         1
 Sublimation of Blood     Necr           0%         N/A       98%         2
 Wereblood                Tmut           0%         N/A       98%         2
 Call Canine Familiar     Summ           0%         N/A       100%        3
 Portal Projectile        Hex/Tloc       0%         N/A       100%        3
 Swiftness                Air            0%         N/A       100%        3
 Airstrike                Air            0%         2d(0-16)  100%        4
 Leda's Liquefaction      Hex/Erth       0%         N/A       100%        4
 Fireball                 Conj/Fire      1%         3d3       100%        5
 Starburst                Conj/Fire      1%         6d3       100%        6
 Summon Hydra             Summ           0%         N/A       100%        7


Dungeon Overview and Level Annotations

Branches:
Dungeon (8/15)             Temple (0/1) D:7
   Lair: D:8-11

Altars:
Hepliaklqana
Kikubaaqudgha
Makhleb
Okawaru
Sif Muna
Trog
Uskayaw
Vehumet
Xom
Zin

Shops:
D:1 (   D:4 :   D:7 *

Annotations:
D:8 exclusion: door


Message History

The javelin pierces through the bullfrog.
The bullfrog is moderately wounded.
The javelin pierces through the wight.
The wight is moderately damaged.
The bullfrog hits you but does no damage.
The bullfrog hits you.
* * * LOW HITPOINT WARNING * * *
Press: ? - help, v - describe, . - travel, g - get item
Here: a bullfrog (moderately wounded) Item here: a yak corpse.
The floor.
Throw: 7 javelins
Press: ? - help, Shift-Dir - straight line, f/p - wight
Aim: a wight, wielding a +0 falchion and wearing a +0 robe (moderately damaged, 60% to hit)
You throw a javelin.
The javelin closely misses the bullfrog.
The javelin closely misses the wight.
The bullfrog closely misses you.
The bullfrog hits you but does no damage.
The bullfrog hits you!
* * * LOW HITPOINT WARNING * * *
Throw: 6 javelins
Press: ? - help, Shift-Dir - straight line, f/p - wight
Aim: a wight, wielding a +0 falchion and wearing a +0 robe (moderately damaged, 60% to hit)
You throw a javelin.
The javelin pierces through the bullfrog.
The bullfrog is heavily wounded.
The javelin pierces through the wight.
The wight is heavily damaged.
The bullfrog closely misses you. x2
Throw: 5 javelins
Press: ? - help, Shift-Dir - straight line, f/p - wight
Aim: a wight, wielding a +0 falchion and wearing a +0 robe (heavily damaged, 60% to hit)
You throw a javelin.
The javelin pierces through the bullfrog!
You kill the bullfrog!
The javelin pierces through the wight.
The wight is severely damaged.
The shadow strikes at you from the darkness!
You die...

.........)))...#)###
#........#..
##.#....#######....#
#........#.. ##.#.##.#
#....###..~~....#..
##.#.<#.#
#.....##........#..
##.#..#.#
#####.##........#..
##.#..#.#
###.##........###
##.#..#.#
##....#........##.
##.#..#.#
#..##..........##.
.....##.#
##@####.........##.
........# #8†8#
##..######### .....####
#####8.8#####.# #.
.##### #.#.#8z8#.#.#.#
##. .# ##†.+.(()..##.##
##.. .# #...##8##...#..#
#... .#
##'#########)##.#####.#.
.#
#..#.......#(.#.......##
.#
#..#.⌠...⌠.#..#.......#


You could see a wight.

Vanquished Creatures
  Pikel (D:8)
  An ugly thing (D:8)
  6 yaks (D:8)
  A wyvern (D:8)
  Edmund (D:5)
  2 acid dragons (D:8)
  Duvessa (D:5)
  An orc warrior (D:8)
  A sky beast (D:8)
  3 ice beasts
  A black bear (D:4)
  3 ogres
  2 kobold brigands (D:8)
  2 lemures (D:8)
  4 bullfrogs (D:8)
  2 gnoll sergeants (D:8)
  2 scorpions
  4 wights
  Dowan (D:5)
  2 gnoll boudas
  2 jellies
  3 hounds
  5 iguanas
  2 orc wizards (D:8)
  15 gnolls
  3 adders (D:3)
  3 shadow imps
  4 white imps
  2 ufetubi
  2 worms (D:4)
  4 dart slugs
  9 orcs
  7 endoplasms
  6 giant cockroaches
  6 goblins
  6 hobgoblins
  4 jackals (D:2)
  3 quokkas
  3 ball pythons
  2 bats (D:1)
  6 frilled lizards
  6 kobolds
  3 rats
147 creatures vanquished.

Notes
Turn   | Place    | Note
-------+----------+-------------------------------------------
     0 | D:1      | Farfigtubin the Hill Orc Fighter began the quest for the
                  | Orb.
     0 | D:1      | Reached XP level 1. HP: 19/19 MP: 1/1
    93 | D:1      | Reached skill level 3 in Axes
   207 | D:1      | Reached XP level 2. HP: 22/27 MP: 2/2
   261 | D:1      | You fall into a shaft and drop 1 floor!
   285 | D:2      | Found a faded altar of an unknown god.
   436 | D:1      | Found Apuniuli's Antique Weapon Boutique.
   829 | D:2      | Reached XP level 3. HP: 26/33 MP: 3/3
  1085 | D:2      | Found an ancient bone altar of Kikubaaqudgha.
  1256 | D:1      | Reached skill level 4 in Axes
  1274 | D:2      | Reached XP level 4. HP: 27/40 MP: 4/4
  1948 | D:3      | Reached skill level 5 in Axes
  2119 | D:3      | Reached XP level 5. HP: 46/47 MP: 5/5
  2251 | D:4      | Found a bloodstained altar of Trog.
  2381 | D:1      | Bought a masterwork hand axe for 120 gold pieces
  2381 | D:1      | Identified the +0 hand axe of Waukong {elec, rElec Str+2
                  | Int+3} (You bought it in a shop on level 1 of the Dungeon)
  2470 | D:4      | Noticed a black bear
  2485 | D:4      | Killed a black bear
  2486 | D:4      | Reached skill level 5 in Fighting
  2486 | D:4      | Reached skill level 6 in Axes
  2486 | D:4      | Reached skill level 1 in Fire Magic
  2486 | D:4      | Reached XP level 6. HP: 43/56 MP: 6/6
  2632 | D:4      | Found an ancient bone altar of Kikubaaqudgha.
  2646 | D:4      | Found a radiant altar of Vehumet.
  2741 | D:4      | Noticed a +0 hand axe
  2741 | D:4      | Noticed a +0 hand axe
  2742 | D:4      | Found a hide-covered altar of Uskayaw.
  2836 | D:4      | Found Wyed's Book Boutique.
  3143 | D:5      | Entered Level 5 of the Dungeon
  3143 | D:5      | Noticed an ice beast
  3259 | D:4      | Reached XP level 7. HP: 34/61 MP: 7/7
  3479 | D:5      | Reached skill level 7 in Axes
  3479 | D:5      | Reached skill level 5 in Shields
  3837 | D:5      | Noticed Dowan
  3838 | D:5      | Noticed Duvessa
  3894 | D:5      | Killed Duvessa
  3908 | D:5      | Killed Dowan
  3909 | D:5      | Reached skill level 8 in Axes
  4168 | D:5      | Reached XP level 8. HP: 47/70 MP: 8/8
  4377 | D:5      | Noticed Edmund
  4397 | D:5      | Killed Edmund
  4553 | D:5      | Upgraded the game from 0.30-a0-949-g53dc5368d7 to
                  | 0.30-a0-953-g5f1da4a474
  4597 | D:6      | Reached skill level 9 in Axes
  4814 | D:6      | Found an iron altar of Okawaru.
  5145 | D:7      | Found Goged's Overcharged Wands.
  5145 | D:7      | Found a shimmering altar of Xom.
  5155 | D:7      | Reached skill level 10 in Axes
  5399 | D:7      | Reached XP level 9. HP: 68/79 MP: 9/9
  5505 | D:7      | Found a burning altar of Makhleb.
  5554 | D:7      | Found a shimmering blue altar of Sif Muna.
  5631 | D:7      | Found a hazy altar of Hepliaklqana.
  5631 | D:7      | Found a glowing silver altar of Zin.
  5672 | D:7      | Found a staircase to the Ecumenical Temple.
  6017 | D:8      | Reached skill level 11 in Axes
  6104 | D:8      | Reached skill level 5 in Armour
  6262 | D:8      | Upgraded the game from 0.30-a0-953-g5f1da4a474 to
                  | 0.30-a0-965-g42e074c17a
  6346 | D:8      | Noticed Pikel
  6375 | D:8      | Killed Pikel
  6376 | D:8      | Reached skill level 12 in Axes
  6523 | D:8      | Reached XP level 10. HP: 79/91 MP: 10/10
  6551 | D:8      | Reached skill level 13 in Axes
  6962 | D:8      | Noticed a purple ugly thing
  6997 | D:8      | Killed a purple ugly thing
  7008 | D:8      | Demolished by a shadow

Illustrated notes

Levels and vault maps discovered:
D:1:      dpeg_arrival_long_road, layout_basic, serial_shops,
          nicolae_shop_hallway_plus, minmay_tree_intersection
D:2:      layout_basic, basic_altar, hellmonk_ecumenical_altar_run_dry
D:3:      layout_basic
D:4:      layout_basic, mainiacjoe_overflow_swirl, dancing_weapons_uskayaw,
          mainiacjoe_overflow_catwalk, serial_shops, nicolae_shop_statue_plus
D:5:      layout_loops_ring, kennysheep_generic_room_16, uniq_edmund,
          uniq_duvessa
D:6:      layout_basic, general_overflow_altar
D:7:      layout_basic, overflow_temple_1_default,
          nicolae_overflow_crystal_walls, gammafunk_temple_overflow_wave,
          amcnicky_altar_gilded, minmay_temple_entry_gardened_gates,
          nicolae_shop_overcharged_wands
D:8:      minmay_chambers_of_sevens, layout_basic, uniq_pikel

Skill      XL: |  1  2  3  4  5  6  7  8  9 10 |
---------------+-------------------------------+-----
Axes           | 3 4 5 6 8 10 12 13 | 13.8
Fighting       | 4 5 6 7 9 |  9.6
Shields        | 4 5 6 |  6.0
Fire Magic     | 1 2 |  2.4
Armour         | 6 |  6.7

Action                     |  1- 3 |  4- 6 |  7- 9 | 10-12 || total
---------------------------+-------+-------+-------+-------++-------
  Melee: War axe           |   100 |    86 |       |       ||   186
         Hand axe          |       |    41 |   284 |    96 ||   421
  Throw: Dart              |     3 |    16 |    27 |    11 ||    57
         Stone             |     1 |       |     2 |       ||     3
         Throwing net      |       |       |     3 |       ||     3
         Boomerang         |       |       |     1 |       ||     1
         Javelin           |       |       |       |     4 ||     4
    Use: Scroll            |       |     3 |     3 |       ||     6
         Potion            |       |     1 |     5 |       ||     6
   Stab: Held in net/web   |       |       |     1 |       ||     1
 Armour: Scale mail        |    46 |    46 |       |       ||    92
         Chain mail        |       |    11 |    96 |    27 ||   134
  Dodge: Dodged            |    51 |    43 |    51 |    24 ||   169
  Block: Buckler           |    17 |    24 |    32 |    15 ||    88

Table legend: (Time is in decaauts)
 A = Elapsed time spent in this place.
 B = Non-inter-level travel time spent in this place.
 C = Inter-level travel time spent in this place.
 D = Time resting spent in this place.
 E = Time spent auto-exploring this place.
 F = Levels seen in this place.
 G = Mean time per level.
                   A        B        C        D        E       F      G
               +--------+--------+--------+--------+--------+-----+--------+
         Total |   6984 |   6513 |    471 |    438 |   3042 |   8 |  873.0 |
       Dungeon |   6984 |   6513 |    471 |    438 |   3042 |   8 |  873.0 |
               +--------+--------+--------+--------+--------+-----+--------+

Top non-repeatable levels by time:
     D:5: 1151 daAuts
     D:8: 1093 daAuts
     D:4: 1093 daAuts
     D:2: 984 daAuts
     D:3: 717 daAuts
     D:7: 695 daAuts
     D:1: 654 daAuts
     D:6: 594 daAuts
